 Dungeon Crawl Stone Soup version 0.31-a0-259-g771a54ca4b (webtiles) character file.

Game seed: 4157389408397984133

621 qw the Shooter (level 7, -2/43 HPs)
             Began as a Gargoyle Hexslinger on July 13, 2023.
             Killed by divine providence
             ... invoked by an orc priest
              (15 damage)
             ... on level 4 of the Dungeon.
             The game lasted 00:01:35 (2893 turns).

qw the Shooter (Gargoyle Hexslinger)                Turns: 2893, Time: 00:01:35

Health: -2/43      AC: 11    Str: 12    XL:     7   Next: 46%
Magic:  8/8        EV: 10    Int: 11    God:
Gold:   108        SH:  0    Dex: 14    Spells: 7/8 levels left

rFire   . . .        Y - +1 sling
rCold   + . .        (no shield)
rNeg    + . .        b - +0 ring mail
rPois   inf          (no helmet)
rElec   +            (no cloak)
rCorr   .            f - +0 pair of gloves
SInv    .            (no boots)
Will    .....        i - amulet of Lady Luck {Acrobat rElec rPois Int-2}
Stlth   +            d - ring of protection from cold
HPRegen 0.27/turn    (no ring)
MPRegen 0.11/turn

%: acrobat
@: no status effects
A: sickness immunity, AC +4, negative energy resistance 1, electricity
resistance, torment resistance 1, petrification resistance
a: no special abilities


You were on level 4 of the Dungeon.
You visited 1 branch of the dungeon, and saw 4 of its levels.

You collected 128 gold pieces.
You spent 20 gold pieces at shops.


Innate Abilities, Weirdness & Mutations

You are immune to sickness and miasma.
Your stone body is resilient. (AC +4)
You are immune to poison.
You resist negative energy. (rN+)
You are resistant to electric shocks. (rElec)
You are resistant to unholy torment.
You are immune to petrification.


   Skills:
 - Level 4.1 Fighting
 + Level 6.8 Ranged Weapons
 - Level 2.1 Armour
 - Level 1.5 Dodging
 - Level 1.0 Spellcasting
 - Level 2.6 Hexes


You had 7 spell levels left.
You knew the following spells:

 Your Spells              Type           Power      Damage    Failure   Level
a - Slow                  Hex            24%        N/A       24%         1

Your spell library contained the following spells:

 Spells                   Type           Power      Damage    Failure   Level
 Inner Flame              Hex/Fire       3%         N/A       77%         3
 Portal Projectile        Hex/Tloc       6%         N/A       77%         3
 Cause Fear               Hex            3%         N/A       93%         4

Inventory:

Hand Weapons
 Y - a +1 sling (weapon)
Armour
 b - a +0 ring mail (worn)
 f - a +0 pair of gloves (worn)
Jewellery
 d - a ring of protection from cold (left hand)
 i - the amulet of Lady Luck (around neck) {Acrobat rElec rPois Int-2}
   (You took it off a goblin on level 3 of the Dungeon)

   [amulet of the acrobat]

   It increases your evasion while moving and waiting.
   Int:       It affects your intelligence (-2).
   rElec:     It insulates you from electricity.
   rPois:     It protects you from poison.
Scrolls
 e - 2 scrolls of identify
Potions
 a - a potion of enlightenment
 c - a potion of invisibility {unknown}
 k - a potion of heal wounds {unknown}
 m - a potion of degeneration {unknown}

Dungeon Overview and Level Annotations

Branches:
Dungeon (4/15)
 Temple: D:4-7

Altars:
Elyvilon
Wu Jian

Shops:
D:1 [*[*


Message History

The sling bullet barely misses the adder.
The sling bullet closely misses the orc priest.
The adder bites you. The adder bites you but does no damage.
You shoot a sling bullet.
The sling bullet closely misses the adder.
The sling bullet hits the orc priest!
The orc priest is heavily wounded.
The adder closely misses you.
You shoot a sling bullet.
The sling bullet hits the adder but does no damage.
The adder is severely wounded.
The adder bites you but does no damage. The adder barely misses you.
You shoot a sling bullet. The sling bullet hits the adder!
You kill the adder!
The orc priest calls down the wrath of Beogh upon you.
Pain shoots through your body!
You shoot a sling bullet. The sling bullet hits the orc priest.
The orc priest is severely wounded.
The orc priest looks satisfied for a moment.
You shoot a sling bullet.
The sling bullet closely misses the orc priest.
The orc priest hits you but does no damage.
You shoot a sling bullet.
The sling bullet hits the orc priest but does no damage.
The orc priest is severely wounded.
The orc priest invokes the aid of Beogh against you.
Beogh smites you!
You shoot a sling bullet.
The sling bullet hits the orc priest but does no damage.
The orc priest is severely wounded.
The orc priest barely misses you.
You shoot a sling bullet.
The sling bullet barely misses the orc priest.
The orc priest hits you with a +0 hand axe.
You shoot a sling bullet.
The sling bullet hits the orc priest but does no damage.
The orc priest is severely wounded.
The orc priest mumbles some strange prayers to Beogh against you.
Beogh smites you!
You die...

#.#
............
#.#
.#######.)..
# #.# #....
#. #.# #....
#.. #.#
#######....
#... #.#
#.....'....
#.... #.#
#.#####....
#.....###.#
#.#####....
'....)o@..#
.........##
#.....#####
#.######.##
##### #
#.....
#.####'#.##
#..........
#..........
#..........
#.####'#'##
#'####.#'##


You could see an orc priest.

Vanquished Creatures
  Grinder (D:2)
  A phantom (D:4)
  A bullfrog (D:4)
  An orc priest (D:2)
  4 orc wizards
  A gnoll (D:1)
  6 adders
  A worm (D:3)
  3 dart slugs
  12 orcs
  10 ball pythons
  8 endoplasms
  5 giant cockroaches
  7 goblins
  4 hobgoblins
  4 jackals
  3 quokkas
  3 bats
  A frilled lizard (D:1)
  2 kobolds (D:4)
  6 rats
84 creatures vanquished.

Notes
Turn   | Place    | Note
-------+----------+-------------------------------------------
     0 | D:1      | qw the Gargoyle Hexslinger began the quest for the Orb.
     0 | D:1      | Reached XP level 1. HP: 12/12 MP: 2/2
     0 | D:1      | 0 ||| qw: Version: 0.3-a-52-g30416fa
     0 | D:1      | 0 ||| qw: Game counter: 6886
     0 | D:1      | 0 ||| qw: Melee chars always use a shield: true
     0 | D:1      | 0 ||| qw: God list: Okawaru
     0 | D:1      | 0 ||| qw: Allow faded altars: false
     0 | D:1      | 0 ||| qw: Do Orc after clearing Dungeon:15 true
     0 | D:1      | 0 ||| qw: Do second Lair branch before Depths: true
     0 | D:1      | 0 ||| qw: Lair rune preference: random
     0 | D:1      | 0 ||| qw: Goals: Normal
     0 | D:1      | 0 ||| PLANNING D:1-11
    10 | D:1      | Found Xentefe's Antique Armour Emporium.
    14 | D:1      | 14 ||| SHOPLISTING cloak (117 gold, have 0).
    14 | D:1      | 14 ||| SHOPLISTING glowing leather armour (130 gold, have
                  | 0).
    14 | D:1      | 14 ||| SHOPLISTING glowing robe (96 gold, have 0).
    14 | D:1      | 14 ||| SHOPLISTING leather armour (52 gold, have 0).
    14 | D:1      | 14 ||| SHOPLISTING pair of boots (117 gold, have 0).
    38 | D:1      | Reached XP level 2. HP: 6/16 MP: 3/3
   129 | D:1      | Reached skill level 3 in Ranged Weapons
   148 | D:1      | Found Voveg's General Store.
   157 | D:1      | 157 ||| SHOPLISTING +0 helmet (63 gold, have 18).
   157 | D:1      | 157 ||| SHOPLISTING potion of curing (42 gold, have 18).
   157 | D:1      | 157 ||| SHOPLISTING ring of resist corrosion (280 gold,
                  | have 18).
   157 | D:1      | 157 ||| SHOPLISTING scroll of enchant weapon (105 gold,
                  | have 18).
   192 | D:1      | Found Avek's Armour Shoppe.
   192 | D:1      | Noticed an animated storm dragon scales
   193 | D:1      | Noticed an animated crystal plate armour
   215 | D:1      | 215 ||| BUYING +0 leather armour (20 gold).
   215 | D:1      | Bought a +0 leather armour for 20 gold pieces
   215 | D:1      | 215 ||| SHOPLISTING +1 pair of boots of stealth (165 gold,
                  | have 19).
   215 | D:1      | 215 ||| SHOPLISTING +2 steam dragon scales (520 gold, have
                  | 19).
   215 | D:1      | 215 ||| SHOPLISTING +4 Cigotuvi's embrace {Corpsefed
                  | rMiasma Drain rN+} (276 gold, have 19).
   221 | D:1      | Found a faded altar of an unknown god.
   308 | D:1      | Found Zec Ceffi's General Store.
   322 | D:1      | 322 ||| SHOPLISTING potion of haste (130 gold, have 19).
   322 | D:1      | 322 ||| SHOPLISTING potion of might (52 gold, have 19).
   350 | D:1      | 350 ||| UPGRADING to +0 pair of gloves.
   362 | D:1      | Reached XP level 3. HP: 17/21 MP: 4/4
   377 | D:1      | 377 ||| UPGRADING to +0 leather armour.
   387 | D:1      | 387 ||| DROPPING +0 robe.
   535 | D:1      | 535 ||| READING scroll labelled MUERIHITARCH.
   536 | D:1      | 536 ||| READING 5 scrolls labelled SEWI ASEAFEURPH.
   537 | D:1      | 537 ||| READING 4 scrolls of identify.
   537 | D:1      | 537 ||| IDENTIFYING inky potion
   538 | D:1      | 538 ||| READING 3 scrolls of identify.
   538 | D:1      | 538 ||| IDENTIFYING red potion
   539 | D:1      | 539 ||| READING 2 scrolls of identify.
   539 | D:1      | 539 ||| IDENTIFYING clear potion
   540 | D:1      | 540 ||| DROPPING scroll of poison.
   541 | D:1      | 541 ||| DROPPING potion of brilliance.
   542 | D:1      | 542 ||| DROPPING potion of attraction.
   567 | D:2      | 567 ||| STAIRDANCE
   723 | D:2      | Found an ornate altar of the Wu Jian Council.
   738 | D:2      | Reached XP level 4. HP: 24/26 MP: 5/5
   755 | D:2      | 755 ||| FLEEEEING.
   756 | D:2      | 756 ||| FLEEEEING.
   757 | D:2      | 757 ||| FLEEEEING.
   758 | D:2      | 758 ||| FLEEEEING.
   759 | D:2      | 759 ||| FLEEEEING.
   760 | D:2      | 760 ||| FLEEEEING.
   761 | D:2      | 761 ||| FLEEEEING.
   762 | D:2      | 762 ||| FLEEEEING.
   763 | D:2      | 763 ||| FLEEEEING.
   764 | D:2      | 764 ||| FLEEEEING.
   765 | D:2      | 765 ||| FLEEEEING.
   766 | D:2      | 766 ||| FLEEEEING.
   767 | D:2      | 767 ||| FLEEEEING.
   770 | D:2      | 770 ||| FLEEEEING.
   771 | D:2      | 771 ||| FLEEEEING.
   772 | D:2      | 772 ||| FLEEEEING.
   773 | D:2      | 773 ||| FLEEEEING.
   779 | D:2      | 779 ||| FLEEEEING.
   780 | D:2      | 780 ||| FLEEEEING.
   781 | D:2      | 781 ||| FLEEEEING.
   782 | D:2      | 782 ||| FLEEEEING.
   783 | D:2      | 783 ||| FLEEEEING.
   784 | D:2      | 784 ||| FLEEEEING.
   785 | D:2      | 785 ||| FLEEEEING.
   786 | D:2      | 786 ||| FLEEEEING.
   790 | D:2      | 790 ||| STAIRDANCE
   835 | D:2      | Reached skill level 4 in Ranged Weapons
   905 | D:2      | Reached XP level 5. HP: 29/30 MP: 6/6
  1324 | D:2      | 1324 ||| UPGRADING to ring of protection from cold.
  1325 | D:2      | 1325 ||| READING scroll labelled RECYGASOLU.
  1326 | D:2      | 1326 ||| DRINKING 2 smoky white potions.
  1347 | D:3      | Noticed Grinder
  1351 | D:3      | 1351 ||| STAIRDANCE
  1366 | D:2      | Paralysed by Grinder for 5 turns
  1372 | D:2      | HP: 4/30 [Grinder (8)]
  1375 | D:2      | Killed Grinder
  1376 | D:2      | Reached skill level 6 in Ranged Weapons
  1376 | D:2      | Reached XP level 6. HP: 4/35 MP: 7/7
  1683 | D:3      | Identified the amulet of Lady Luck {Acrobat rElec rPois
                  | Int-2}
  1895 | D:3      | Reached skill level 3 in Fighting
  2086 | D:3      | Found a white marble altar of Elyvilon.
  2177 | D:3      | 2177 ||| UPGRADING to +0 ring mail.
  2187 | D:3      | 2187 ||| DROPPING +0 leather armour.
  2188 | D:3      | 2188 ||| UPGRADING to amulet of Lady Luck {Acrobat rElec
                  | rPois Int-2}.
  2193 | D:3      | 2193 ||| READING scroll labelled YBOVUON CAWI.
  2194 | D:3      | 2194 ||| READING scroll labelled ESABIR HYDOF.
  2195 | D:3      | 2195 ||| READING scroll labelled ANLAFO CEIKH.
  2246 | D:4      | Reached XP level 7. HP: 37/41 MP: 8/8
  2406 | D:4      | 2406 ||| Stepping ~*~*~tactically~*~*~ (outnumbered).
  2418 | D:4      | 2418 ||| FLEEEEING.
  2419 | D:4      | 2419 ||| DRINKING potion of curing.
  2419 | D:4      | 2419 ||| (to cure confusion)
  2420 | D:4      | 2420 ||| FLEEEEING.
  2421 | D:4      | 2421 ||| FLEEEEING.
  2422 | D:4      | 2422 ||| FLEEEEING.
  2424 | D:4      | 2424 ||| FLEEEEING.
  2425 | D:4      | 2425 ||| FLEEEEING.
  2426 | D:4      | 2426 ||| FLEEEEING.
  2427 | D:4      | 2427 ||| FLEEEEING.
  2429 | D:4      | 2429 ||| STAIRDANCE
  2431 | D:4      | 2431 ||| STAIRDANCE
  2492 | D:4      | 2492 ||| STAIRDANCE
  2508 | D:3      | HP: 5/43 [orc/+0 war axe (7)]
  2893 | D:4      | Killed from afar by an orc priest

Levels and vault maps discovered:
D:1:      minmay_arrival_three_doors, layout_rooms, serial_shops,
          nicolae_shop_just_a_little_nook, nicolae_shop_window_shopping,
          nicolae_shop_mannequins, shop, shapermc_ecumenical_altar_totnotflames,
          kennysheep_crisscross, due_unseen_surprise
D:2:      layout_basic, basic_altar, nrook_loot_triangle
D:3:      layout_loops_ring, mainiacjoe_overflow_cross_hatched, uniq_grinder
D:4:      layout_basic, uniq_robin

Skill      XL: |  1  2  3  4  5  6  7 |
---------------+----------------------+-----
Ranged Weapons | 3 4 6 |  6.8
Fighting       | 2 3 4 |  4.1
Armour         | 2 |  2.1
Dodging        | |  1.5
Spellcasting   | |  1.0
Hexes          | |  2.6

Action                     |  1- 3 |  4- 6 |  7- 9 || total
---------------------------+-------+-------+-------++-------
   Fire: Sling             |   106 |   167 |   113 ||   386
    Use: Scroll            |     5 |     4 |       ||     9
         Potion            |       |     1 |     1 ||     2
 Armour: Robe              |     2 |       |       ||     2
         Leather armour    |    24 |    39 |       ||    63
         Ring mail         |       |       |    46 ||    46
  Dodge: Dodged            |    46 |    34 |    32 ||   112

Table legend:
 A = Non-vault XP
 B = Vault XP
 C = Vault XP percentage of total XP
 D = Non-vault monster count
 E = Vault monster count
 F = Vault count percentage of total count
                 A         B        C        D         E       F
            +---------+---------+-------+---------+---------+-------
      Total |     611 |     277 |  31.2 |      83 |       1 |   1.2
            +---------+---------+-------+---------+---------+-------
        D:1 |      54 |       0 |   0.0 |      23 |       0 |   0.0
        D:2 |     149 |     277 |  65.0 |      22 |       1 |   4.3
        D:3 |     127 |       0 |   0.0 |      20 |       0 |   0.0
        D:4 |     281 |       0 |   0.0 |      18 |       0 |   0.0
            +---------+---------+-------+---------+---------+-------
